 Dungeon Crawl Stone Soup version 0.19.0 (webtiles) character file.

583 AlphabetPasta the Cutter (level 7, 0/63 HPs)
             Began as a Kobold Skald on Nov 16, 2016.
             Succumbed to Edmund's poison
             ... on level 4 of the Dungeon.
             The game lasted 00:13:53 (3361 turns).

AlphabetPasta the Cutter (Kobold Skald)             Turns: 3361, Time: 00:13:53

Health: 0/63       AC: 23    Str: 10    XL:     7   Next: 64%
Magic:  8/12       EV:  3    Int: 13    God:
Gold:   113        SH:  0    Dex: 16    Spells: 5 memorised, 3 levels left

rFire  . . .     SeeInvis .     a - +0 short sword
rCold  . . .     Gourm    .     (armour currently unavailable)
rNeg   + + +     Faith    .     (shield restricted)
rPois  +         Spirit   .     (helmet currently unavailable)
rElec  .         Reflect  .     (cloak currently unavailable)
rCorr  .         Harm     .     (gloves currently unavailable)
MR     .....     NoTele   +     (boots currently unavailable)
Stlth  ++........               (no amulet)
                                (no ring)
                                (no ring)

@: lethally poisoned (0 -> -41), tree-form, repel missiles
A: (horns 0), carnivore 3, subdued magic 1, MP-powered wands
a: no special abilities


You were on level 4 of the Dungeon.
You were very full.
You were a tree.
You visited 1 branch of the dungeon, and saw 4 of its levels.

You collected 113 gold pieces.

Inventory:

Hand Weapons
 a - a +0 short sword (weapon)
Missiles
 f - 66 bolts
Armour
 b - a +1 leather armour (melded)
 t - a +0 helmet
Jewellery
 e - a +6 ring of strength {unknown}
 o - an uncursed ring of wizardry {unknown}
 x - an uncursed ring of wizardry {unknown}
 z - an uncursed ring of protection from magic {unknown}
 B - a +3 ring of dexterity {unknown}
Scrolls
 l - a scroll of enchant armour
 p - 3 scrolls of teleportation
 q - 2 scrolls of identify
 s - a scroll of fear
 y - a scroll of amnesia {unknown}
Potions
 g - 2 potions of lignification
 h - 2 potions of flight
 i - 5 potions of haste
 j - 2 potions of agility {unknown}
 n - a potion of ambrosia {unknown}
 r - a potion of curing {unknown}
 u - 2 potions of mutation
 v - a potion of cancellation {unknown}
 w - a potion of might {unknown}
Books
 c - a book of Battle

   Spells                             Type                      Level
   a - Infusion                       Charms                       1
   b - Shroud of Golubria             Charms/Translocation         2
   c - Song of Slaying                Charms                       2
   d - Spectral Weapon                Hexes/Charms                 3
   e - Regeneration                   Charms/Necromancy            3
 A - a book of Minor Magic

   Spells                             Type                      Level
   a - Magic Dart                     Conjuration                  1
   b - Blink                          Translocation                2
   c - Call Imp                       Summoning                    2
   d - Repel Missiles                 Charms/Air                   2
   e - Slow                           Hexes                        2
   f - Conjure Flame                  Conjuration/Fire             3
   g - Mephitic Cloud                 Conjuration/Poison/Air       3
Comestibles
 d - a meat ration
 k - a slice of pizza
 m - a beef jerky


   Skills:
 + Level 3.7 Fighting
 * Level 6.0 Short Blades
 + Level 2.0 Armour
 + Level 3.0 Dodging
 + Level 3.3 Stealth
 + Level 3.4 Spellcasting
 + Level 3.1 Charms
 + Level 0.6 Translocations


You had 3 spell levels left.
You knew the following spells:

 Your Spells              Type           Power        Failure   Level  Hunger
a - Infusion              Chrm           #...         8%          1    #......
b - Song of Slaying       Chrm           #.......     10%         2    ##.....
c - Shroud of Golubria    Chrm/Tloc      #.........   14%         2    ##.....
d - Repel Missiles        Chrm/Air       #.....       17%         2    ##.....
e - Blink                 Tloc           N/A          26%         2    ##.....


Dungeon Overview and Level Annotations

Branches:
Dungeon (4/15)
 Temple: D:4-7

Altars:

Annotations:
D:4 Edmund


Innate Abilities, Weirdness & Mutations

You are small and have problems with some larger weapons.
You are carnivorous and can eat meat at any time.
((You have a pair of small horns on your head.))
Your spells are a little easier to cast, but a little less powerful.
You expend magic power (3 MP) to strengthen your wands.


Message History

You hit Edmund but do no damage.
Edmund is heavily wounded.
You are no longer magically infusing your attacks.
You feel sick. Edmund hits you with a flail of venom.
* * * LOW HITPOINT WARNING * * *
You are more poisoned.
It was a potion of mutation.
You feel extremely strange.
Your connection to magic feels subdued.
You feel your magical essence link to your wands.
A pair of horns grows on your head!
Your +0 helmet falls away!
* * * LOW HITPOINT WARNING * * *
You feel very sick. Edmund hits you with a flail of venom!
* * * LOW HITPOINT WARNING * * *
You are more poisoned.
It was a potion of lignification.
You turn into a tree.
Your +1 leather armour melds into your body.
Your roots penetrate the ground.
You die...

#######################.
..............>.♣@.$....
##...#########.#########
#[..........#.#
#....######.#.#
#....######.#.#
##....#......#.#
.............#.#
.....##.####.#.#
.....##.# #.#


You could see Edmund.

Vanquished Creatures
  Sigmund (D:2)
  An ogre (D:4)
  A necrophage (D:3)
  Blork the orc (D:4)
  Natasha (twice) (D:2)
  A worker ant (D:4)
  A hound skeleton (D:4)
  Robin (D:2)
  3 adders (D:2)
  An ooze (D:1)
  An adder skeleton (D:4)
  A worm (D:2)
  A dart slug (D:3)
  A leopard gecko (D:3)
  An orc (D:3)
  3 bats
  2 giant cockroaches (D:3)
  16 goblins
  A hobgoblin (D:2)
  A quokka (D:2)
  6 frilled lizards
  2 kobolds
  8 rats
57 creatures vanquished.

Vanquished Creatures (others)
  Natasha (D:2)
1 creature vanquished.

Grand Total: 58 creatures vanquished

Notes
Turn   | Place    | Note
-------+----------+-------------------------------------------
     0 | D:1      | AlphabetPasta the Kobold Skald began the quest for the Orb.
     0 | D:1      | Reached XP level 1. HP: 12/12 MP: 3/3
     0 | D:1      | Noticed an orb of fire
     0 | D:1      | Noticed a tentacled monstrosity
     0 | D:1      | Noticed a tentacled monstrosity
     2 | D:1      | Noticed an orb of fire
     2 | D:1      | Noticed an ice dragon
     5 | D:1      | Noticed an ice dragon
     7 | D:1      | Noticed a large abomination
     8 | D:1      | Noticed a shadow dragon
     9 | D:1      | Noticed an orb of fire
    11 | D:1      | Noticed a large abomination
    15 | D:1      | Noticed a tentacled monstrosity
    15 | D:1      | Noticed an ice dragon
    15 | D:1      | Noticed an ice dragon
    17 | D:1      | Noticed a tentacled monstrosity
    17 | D:1      | Noticed an orb of fire
    17 | D:1      | Noticed an iron dragon
    19 | D:1      | Noticed an orb of fire
   370 | D:1      | Reached XP level 2. HP: 16/18 MP: 5/5
   374 | D:1      | Learned a level 2 spell: Song of Slaying
   377 | D:1      | Learned a level 2 spell: Shroud of Golubria
   613 | D:2      | Noticed Sigmund
   618 | D:2      | Noticed Natasha
   630 | D:2      | Killed Sigmund
   630 | D:2      | Reached skill level 4 in Short Blades
   630 | D:2      | Reached skill level 1 in Armour
   630 | D:2      | Reached XP level 3. HP: 16/23 MP: 0/7
   630 | D:2      | Reached XP level 4. HP: 20/28 MP: 0/8
   630 | D:2      | Reached XP level 5. HP: 22/32 MP: 0/9
   641 | D:2      | Killed Natasha
   910 | D:2      | Reached XP level 6. HP: 27/37 MP: 10/10
  1061 | D:2      | Noticed Natasha
  1061 | D:2      | Noticed Robin
  1149 | D:2      | Killed Natasha
  1479 | D:2      | Killed Robin
  1692 | D:2      | Noticed Natasha
  1698 | D:2      | Killed Natasha
  1698 | D:2      | Reached skill level 5 in Short Blades
  2267 | D:3      | Noticed a necrophage
  2279 | D:3      | Killed a necrophage
  2279 | D:3      | Reached XP level 7. HP: 41/41 MP: 2/11
  2602 | D:4      | Learned a level 2 spell: Repel Missiles
  2605 | D:4      | Learned a level 2 spell: Blink
  2959 | D:4      | Noticed Blork the orc
  2965 | D:4      | Killed Blork the orc
  2965 | D:4      | Reached skill level 6 in Short Blades
  3328 | D:4      | Noticed Edmund
  3360 | D:4      | Gained mutation: Your spells are a little easier to cast, but a little less powerful. [potion of mutation]
  3360 | D:4      | Gained mutation: You expend magic power (3 MP) to strengthen your wands. [potion of mutation]
  3360 | D:4      | Gained mutation: You have a pair of small horns on your head. [potion of mutation]
  3360 | D:4      | HP: 2/42 [Edmund/flail of venom (7)]
  3361 | D:4      | Succumbed to Edmund's poison

Skill      XL: |  1  2  3  4  5  6  7 |
---------------+----------------------+-----
Fighting       | 3 |  3.7
Short Blades   | 4 5 6 |  6.0
Armour         | 1 2 |  2.0
Dodging        | 2 3 |  3.0
Stealth        | 2 3 |  3.3
Spellcasting   | 3 |  3.4
Charms         | 3 |  3.1
Translocations | |  0.6

Action                   |  1- 3 |  4- 6 |  7- 9 || total
-------------------------+-------+-------+-------++-------
Melee: Short sword       |    34 |   144 |    51 ||   229
 Cast: Infusion          |     1 |     4 |     5 ||    10
       Shroud of Golubri |       |       |     2 ||     2
       Repel Missiles    |       |       |     1 ||     1
  Use: Scroll            |     3 |     4 |       ||     7
       Potion            |     1 |       |     3 ||     4
 Stab: Sleeping          |     3 |     6 |     2 ||    11
       Invisible         |     2 |       |       ||     2
  Eat: Chunk             |     5 |     8 |     3 ||    16
Armor: Leather armour    |     5 |    28 |     6 ||    39
Dodge: Dodged            |    23 |    78 |    25 ||   126
